 Dungeon Crawl Stone Soup version 0.31-a0-986-g5e6e4ef867 (webtiles) character file.

Game seed: 8094664480318748921

154 arthad the Ruffian (level 5, -2/35 HPs)
             Began as an Octopode Shapeshifter on Nov 4, 2023.
             Slain by an adder (3 damage)
             ... in a sewer.
             The game lasted 00:04:04 (1969 turns).

arthad the Ruffian (Octopode Shapeshifter)          Turns: 1969, Time: 00:04:04

Health: -2/35      AC:  1    Str: 14    XL:     5   Next: 35%
Magic:  5/5        EV: 14    Int: 12    God:
Gold:   133        SH:  0    Dex: 13    Spells: 4/4 levels left

rFire   + .          .
                       - Unarmed
rCold   . . .        (no shield)
rNeg    . . .        (helmet currently unavailable)
rPois   .            (no amulet)
rElec   .            g - ring of protection from fire
rCorr   .            (no ring)
SInv    .            (no ring)
Will    .....        (no ring)
Stlth   ++           (no ring)
HPRegen 0.25/turn    (no ring)
MPRegen 0.09/turn    (no ring)
                     (no ring)

%: no passive effects
@: about to teleport, beast-form
A: beast (slay +2), almost no armour, amphibious, 8 rings, camouflage 1,
gelatinous body 1, (nimble swimmer 1), tentacles
a: Begin Untransformation


You were in a sewer.
You were a hulking beast.
You visited 1 branch of the dungeon, and saw 3 of its levels.
You also visited: Sewer.

You collected 133 gold pieces.

Inventory:

Magical Staves
 e - a staff of air
Jewellery
 d - a ring of ice
 g - a ring of protection from fire (left tentacle)
Talismans
 b - a beast talisman
 c - a flux talisman
Wands
 f - a wand of paralysis (7)
Scrolls
 h - a scroll of vulnerability
 m - a scroll of enchant armour
Potions
 a - 2 potions of lignification
 j - a potion of heal wounds {unknown}
 k - a potion of magic {unknown}


   Skills:
 + Level 2.6 Fighting
 + Level 3.1 Dodging
 + Level 3.9 Unarmed Combat
 + Level 3.7 Shapeshifting


You had 4 spell levels left.
You didn't know any spells.
Your spell library contained the following spells:

 Spells                   Type           Power      Damage    Failure   Level
 Magic Dart               Conj           0%         1d3       32%         1
 Summon Small Mammal      Summ           0%         N/A       32%         1
 Searing Ray              Conj           0%         2d4       45%         2
 Call Canine Familiar     Summ           0%         N/A       69%         3
 Summon Guardian Golem    Hex/Summ       0%         N/A       69%         3
 Fulminant Prism          Conj/Hex       0%         3d5       97%         4
 Leda's Liquefaction      Hex/Erth       0%         N/A       97%         4
 Lee's Rapid Deconstruct  Erth           0%         3d4*      100%        5
 Bombard                  Conj/Erth      0%         9d1       100%        6


Dungeon Overview and Level Annotations

Branches:
Dungeon (3/15)              Sewer (1/1)

Altars:
Fedhas
Kikubaaqudgha
Nemelex Xobeh
Wu Jian
The Shining One


Innate Abilities, Weirdness & Mutations

You are a hulking beast.
Your limbs bulge with bestial killing power. (Slay +2)
You cannot wear most types of armour.
You are amphibious.
You can wear up to eight rings at the same time.
Your skin changes colour to match your surroundings (Stealth+).
Your rubbery body absorbs attacks. (AC +1, EV +1)
((You are camouflaged when in or above water. (Stealth+)))
You have tentacles for arms and can constrict up to eight enemies at once.


Message History

A frilled lizard comes into view.
The frilled lizard completely misses you.
The adder bites you. The endoplasm freezes you.
You are frozen.
You barely miss the adder. You grab the adder.
The adder is moderately wounded.
You constrict the adder.
You feel sick. The adder closely misses you.
The frilled lizard barely misses you. The adder misses you. x2
The endoplasm freezes you.
You are frozen.
You are too injured to fight recklessly!
You are too injured to fight recklessly!
You are too injured to fight recklessly!
As you read the scroll of teleportation, it crumbles to dust.
You feel strangely unstable.
You constrict the adder.
You feel sick.
The giant cockroach completely misses you.
The frilled lizard misses you. The adder bites you.
The adder barely misses you. The endoplasm closely misses you.
You release your grip on the adder.
Found an amethyst potion and 2 potions of might.
You feel sick.
The frilled lizard misses you. x2; The adder bites you.
* * * LOW HITPOINT WARNING * * *
The giant cockroach bites you.
* * * LOW HITPOINT WARNING * * *
You enter the shallow water.
You feel sick.
Your surroundings seem slightly different.
Floosh!
You feel sick.
You are no longer poisoned.
The adder attacks as it pursues you! The adder bites you.
* * * LOW HITPOINT WARNING * * *
The adder bites you but does no damage. The adder closely misses you.
The adder attacks as it pursues you! The adder bites you.
* * * LOW HITPOINT WARNING * * *
As you read the scroll of teleportation, it crumbles to dust.
You feel strangely unstable. The adder bites you.
* * * LOW HITPOINT WARNING * * *
The adder bites you.
You die...

############# ##
####..†..~~..~~##
##~
##~....~~.~~.~.~..
#..
#~.~~~#########~.~
#~.## ##~..###
###. #.~~##
##Sh~## ##
#~~~###~S~.# #
#§~llB~~~## #
###~~~J..##
###########
###...lJ..##
#.~..~†...~
#.~~..~~..#
#.~...~.~..
#.~....~#.~~#
#..########
#~~.##~..##~..#
#.~#
#.~##~...~##~..~.
#..#


You could see 2 adders, 2 endoplasms, a giant cockroach and 3 frilled lizards.

Vanquished Creatures
  Ijyb (D:3)
  Terence (D:3)
  4 adders
  A worm (D:3)
  6 endoplasms
  7 giant cockroaches
  2 goblins
  4 hobgoblins
  A jackal (D:3)
  4 kobolds
  4 quokkas
  7 ball pythons
  3 bats
  6 frilled lizards
  9 rats
60 creatures vanquished.

Notes
Turn   | Place    | Note
-------+----------+-------------------------------------------
     0 | D:1      | arthad the Octopode Shapeshifter began the quest for the
                  | Orb.
     0 | D:1      | Reached XP level 1. HP: 13/13 MP: 1/1
   199 | D:1      | Reached XP level 2. HP: 18/18 MP: 2/2
   517 | D:1      | Reached XP level 3. HP: 23/23 MP: 3/3
  1485 | D:3      | Reached XP level 4. HP: 29/29 MP: 4/4
  1520 | D:3      | Found an ancient bone altar of Kikubaaqudgha.
  1520 | D:3      | Noticed Terence
  1531 | D:3      | Killed Terence
  1590 | D:3      | Found a glowing golden altar of the Shining One.
  1590 | D:3      | Found an ornate altar of the Wu Jian Council.
  1600 | D:3      | Found a blossoming altar of Fedhas.
  1608 | D:3      | Found a sparkling altar of Nemelex Xobeh.
  1694 | D:3      | Noticed Ijyb
  1700 | D:3      | Paralysed by Ijyb for 5 turns
  1715 | D:3      | Killed Ijyb
  1716 | D:3      | Reached XP level 5. HP: 3/35 MP: 5/5
  1814 | D:3      | Found a glowing drain.
  1848 | Sewer    | Entered a sewer
  1969 | Sewer    | HP: 1/35 [adder (3)]
  1969 | Sewer    | Slain by an adder

Illustrated notes

Levels and vault maps discovered:
D:1:      amcnicky_arrival_underground_garden, layout_loops_ring
D:2:      layout_basic, dk_vineyard_3, serial_bayou_lagoon_b
D:3:      minmay_inner_zag, layout_loops_ring, minmay_overflow_temple_star_hex,
          serial_forest, infiniplex_forest_corner_1,
          infiniplex_forest_clump_small, infiniplex_forest_lined_room_,
          infiniplex_forest_end_2, portal_sewer_entry_f, uniq_terence, uniq_ijyb
Sewer:    sewer_hellmonk_slimy_pipes

Skill      XL: |  1  2  3  4 |
---------------+-------------+-----
Fighting       | 2 |  2.6
Dodging        | 3 |  3.1
Unarmed Combat | |  3.9
Shapeshifting  | |  3.7

Action                     |  1- 3 |  4- 6 || total
---------------------------+-------+-------++-------
  Melee: Unarmed           |    66 |    57 ||   123
         Constrict         |    15 |    13 ||    28
         Tentacles         |     6 |     8 ||    14
         Punch             |       |     1 ||     1
    Use: Scroll            |       |     6 ||     6
         Potion            |       |     4 ||     4
   Stab: Sleeping          |    12 |     4 ||    16
 Armour: Skin              |    16 |    36 ||    52
  Dodge: Dodged            |    36 |    31 ||    67

Table legend: (Time is in decaauts)
 A = Elapsed time spent in this place.
 B = Non-inter-level travel time spent in this place.
 C = Inter-level travel time spent in this place.
 D = Time resting spent in this place.
 E = Time spent auto-exploring this place.
 F = Levels seen in this place.
 G = Mean time per level.
                   A        B        C        D        E       F      G
               +--------+--------+--------+--------+--------+-----+--------+
         Total |   1946 |   1849 |     97 |     17 |   1373 |   4 |  486.5 |
       Dungeon |   1827 |   1730 |     97 |     17 |   1319 |   3 |  609.0 |
         Sewer |    118 |    118 |      0 |      0 |     54 |   1 |  118.0 |
               +--------+--------+--------+--------+--------+-----+--------+

Top non-repeatable levels by time:
     D:1: 770 daAuts
     D:2: 701 daAuts
     D:3: 355 daAuts
   Sewer: 118 daAuts
